 Dungeon Crawl Stone Soup version 0.31-a0-1074-g0b22e4e0f1 (webtiles) character file.

Game seed: 13886663117021834536

56 grandjackal the Trooper (level 3, -3/37 HPs)
             Began as an Ogre Warper on Nov 29, 2023.
             Slain by an orc
             ... wielding a +0 trident
              (5 damage)
             ... on level 3 of the Dungeon.
             The game lasted 00:01:26 (1756 turns).

grandjackal the Trooper (Ogre Warper)               Turns: 1756, Time: 00:01:27

Health: -3/37      AC:  3    Str: 15    XL:     3   Next: 95%
Magic:  16/16      EV:  9    Int: 16    God:
Gold:   45         SH:  0    Dex:  8    Spells: 6/8 levels left

rFire   . . .        a - +0 mace
rCold   . . .        (no shield)
rNeg    . . .        b - +0 robe
rPois   .            (helmet restricted)
rElec   .            (no cloak)
rCorr   +            (gloves unavailable)
SInv    .            (boots unavailable)
Will    .....        (no amulet)
Stlth   +            i - ring of resist corrosion
HPRegen 0.26/turn    n - ring of magical power
MPRegen 0.15/turn

%: no passive effects
@: no status effects
A: large, unfitting armour, tough skin 1
a: no special abilities


You were on level 3 of the Dungeon.
You visited 1 branch of the dungeon, and saw 3 of its levels.

You collected 45 gold pieces.

Inventory:

Hand Weapons
 a - a +0 mace (weapon)
Missiles
 d - 7 darts of dispersal (quivered)
 h - 6 poisoned darts
Armour
 b - a +0 robe (worn)
Jewellery
 i - a ring of resist corrosion (left hand)
 n - a ring of magical power (right hand)
Scrolls
 c - a scroll of blinking
 e - a scroll of vulnerability {unknown}
 g - a scroll of silence {unknown}
 j - a scroll of identify {unknown}
 l - a scroll of amnesia {unknown}
 p - a scroll of acquirement {unknown}
 r - a scroll of enchant armour {unknown}
Potions
 f - a potion of cancellation {unknown}
 k - 2 potions of mutation {unknown}
 m - 2 potions of curing {unknown}
 o - 3 potions of might {unknown}
 q - a potion of haste {unknown}


   Skills:
 + Level 3.5 Fighting
 + Level 2.3 Maces & Flails
 - Level 1.0 Throwing
 - Level 2.1 Dodging
 + Level 3.1 Spellcasting
 + Level 3.1 Translocations


You had 6 spell levels left.
You knew the following spells:

 Your Spells              Type           Power      Damage    Failure   Level
a - Blink                 Tloc           24%        N/A       8%          2

Your spell library contained the following spells:

 Spells                   Type           Power      Damage    Failure   Level
 Lesser Beckoning         Tloc           24%        N/A       8%          2
 Teleport Other           Tloc           12%        N/A       16%         3
 Manifold Assault         Tloc           12%        N/A       45%         4
 Vhi's Electric Charge    Tloc/Air       14%        N/A       67%         4


Dungeon Overview and Level Annotations

Branches:
Dungeon (3/15)

Altars:


Innate Abilities, Weirdness & Mutations

You are too large for most types of armour.
You have tough skin. (AC +1)


Message History

You hit the orc.
The orc is moderately wounded.
The orc misses you.
You hit the orc but do no damage.
The orc is moderately wounded.
The orc hits you with a +0 hand axe.
You hit the orc.
You kill the orc!
No target in view!
No target in view!
You start resting.
An orc wizard comes into view. It is wielding a +0 dagger.
You barely miss the orc wizard.
The orc wizard shouts!
You hear a shout!
The orc wizard hits you but does no damage.
The orc wizard hits you with a +0 dagger.
You hear a shout!
You closely miss the orc wizard.
The orc wizard gestures at you while chanting.
The magic dart hits you!
You sock the orc wizard!
The orc wizard is heavily wounded.
The orc wizard barely misses you.
You closely miss the orc wizard.
The orc wizard is heavily wounded.
The orc wizard gestures at you while chanting.
The puff of flame hits you! The orc wizard barely misses you.
The orc hits you from afar with a +0 trident!
* * * LOW HITPOINT WARNING * * *
You are too injured to fight recklessly!
You are too injured to fight recklessly!
You closely miss the orc wizard.
The orc wizard is heavily wounded.
The orc hits you from afar with a +0 trident.
* * * LOW HITPOINT WARNING * * *
The orc wizard hits you but does no damage.
You hit the orc wizard.
The orc wizard is severely wounded.
The orc hits you from afar with a +0 trident.
You die...

##################
#.................
#................)
##..#..............
...^##......(.....
..
#..#.#..........#
#.##...#.##......#
#.#....##.#oo..#.#
##.....#.#@#..#.#
#.......#.##..# .
.#.##......##....#
. #.#
#.............. .
#.#
#............... .
#.#
#).....##....##o. .
#.# #..††.#.##..##
#o .# #.#
#....#.#.#..#. .#
#.# #..(.##.#....#


You could see an orc wizard and an orc.

Vanquished Creatures
  A gnoll (D:1)
  An adder (D:2)
  2 dart slugs
  An orc (D:3)
  5 endoplasms
  3 giant cockroaches
  A goblin (D:1)
  A hobgoblin (D:1)
  3 kobolds (D:1)
  3 quokkas
  3 ball pythons
  2 bats
  5 rats
31 creatures vanquished.

Notes
Turn   | Place    | Note
-------+----------+-------------------------------------------
     0 | D:1      | grandjackal the Ogre Warper began the quest for the Orb.
     0 | D:1      | Reached XP level 1. HP: 22/22 MP: 3/3
    29 | D:1      | Reached XP level 2. HP: 10/31 MP: 3/5
   116 | D:1      | Learned a level 2 spell: Blink
   645 | D:1      | Reached XP level 3. HP: 37/37 MP: 7/7
  1363 | D:2      | Found a faded altar of an unknown god.
  1755 | D:3      | HP: 1/37 [orc/+0 trident (6)]
  1756 | D:3      | Slain by an orc

Illustrated notes

Levels and vault maps discovered:
D:1:      mainiacjoe_arrival_oval_in_oval, layout_basic, serial_forest,
          infiniplex_forest_lined_2, infiniplex_forest_lined_corner,
          infiniplex_forest_clump_curved, infiniplex_forest_corner_1,
          infiniplex_forest_split, infiniplex_forest_end_2,
          infiniplex_forest_clump_medium, infiniplex_forest_end_1
D:2:      layout_rooms, shapermc_ecumenical_altar_ellora
D:3:      layout_loops_ring, dreamdust_princess_bridge,
          minmay_misc_feat_secret_circle

Skill      XL: |  1  2  3 |
---------------+----------+-----
Fighting       | 3 |  3.5
Maces & Flails | 2 |  2.3
Translocations | 3 |  3.1
Spellcasting   | 3 |  3.1
Throwing       | |  1.0
Dodging        | |  2.1

Action                     || total
---------------------------++-------
  Melee: Mace              ||    91
         Punch             ||     1
   Stab: Sleeping          ||     1
 Armour: Robe              ||    78
  Dodge: Dodged            ||    41

Table legend: (Time is in decaauts)
 A = Elapsed time spent in this place.
 B = Non-inter-level travel time spent in this place.
 C = Inter-level travel time spent in this place.
 D = Time resting spent in this place.
 E = Time spent auto-exploring this place.
 F = Levels seen in this place.
 G = Mean time per level.
                   A        B        C        D        E       F      G
               +--------+--------+--------+--------+--------+-----+--------+
         Total |   1781 |   1723 |     58 |    322 |   1143 |   3 |  593.7 |
       Dungeon |   1781 |   1723 |     58 |    322 |   1143 |   3 |  593.7 |
               +--------+--------+--------+--------+--------+-----+--------+

Top non-repeatable levels by time:
     D:1: 1032 daAuts
     D:2: 649 daAuts
     D:3: 100 daAuts
